 Dungeon Crawl Stone Soup version 0.27.1-33-g824d729ab1 (webtiles) character file.

Game seed: 17198423226684268157

49 lordive the Chopper (level 3, -2/33 HPs)
             Began as a Hill Orc Monk on Dec 27, 2021.
             Killed by nerve-wracking pain
             ... invoked by Jessica
              (13 damage)
             ... on level 2 of the Dungeon.
             The game lasted 00:01:33 (1782 turns).

lordive the Chopper (Hill Orc Monk)                 Turns: 1782, Time: 00:01:34

Health: -2/33      AC:  6    Str: 14    XL:     3   Next: 75%
Magic:  3/3        EV: 10    Int: 10    God:
Gold:   50         SH:  0    Dex: 13    Spells: 2/2 levels left

rFire    . . .     SeeInvis .   a - +0 hand axe
rCold    . . .     Faith    .   (no shield)
rNeg     . . .     Spirit   .   b - +0 scale mail
rPois    .         Reflect  .   (no helmet)
rElec    .         Harm     .   (no cloak)
rCorr    .         Rampage  .   (no gloves)
Will     .....                  (no boots)
Stlth    +.........             (no amulet)
HPRegen  0.11/turn              (no ring)
MPRegen  0.08/turn              (no ring)

@: no status effects
A: no striking features
a: no special abilities


You were on level 2 of the Dungeon.
You visited 1 branch of the dungeon, and saw 2 of its levels.

You collected 50 gold pieces.

Inventory:

Hand Weapons
 a - a +0 hand axe (weapon)
Armour
 b - a +0 scale mail (worn)
Jewellery
 h - an amulet of magic regeneration
Scrolls
 d - a scroll of immolation {unknown}
 g - a scroll of magic mapping {unknown}
 i - a scroll of noise {unknown}
Potions
 c - 2 potions of haste {unknown}
 e - a potion of might {unknown}
 f - a potion of curing {unknown}
 j - a potion of cancellation {unknown}


   Skills:
 + Level 4.2 Fighting
 + Level 4.9 Axes
 + Level 0.1 Armour
 + Level 2.7 Dodging
 + Level 2.0 Stealth


You had 2 spell levels left.
You didn't know any spells.
Your spell library was empty.

Dungeon Overview and Level Annotations

Branches:
Dungeon (2/15)

Altars:

Annotations:
D:2 Jessica


Message History

Jessica mumbles some strange words.
Jessica blinks!
The goblin hits you but does no damage.
You hit the goblin.
You kill the goblin!
You completely miss the dart slug. The dart slug launches a dart at you.
The slug dart misses you.
You hit the dart slug.
The dart slug is moderately wounded.
You hit the dart slug but do no damage.
The dart slug is moderately wounded.
The dart slug launches a dart at you. The slug dart hits you.
You hit the dart slug.
The dart slug is severely wounded.
The dart slug launches a dart at you. The slug dart hits you.
You hit the dart slug but do no damage.
The dart slug is severely wounded.
You hit the dart slug but do no damage.
The dart slug is severely wounded.
Jessica casts a spell at you. You resist with some effort.
The dart slug launches a dart at you.
The slug dart hits you but does no damage.
Jessica gestures wildly while chanting.
Jessica blinks!
A quokka comes into view.
You hit the dart slug.
You kill the dart slug!
Jessica points at you and mumbles some strange words.
You barely resist.
The kobold throws a stone.
The stone barely misses you. The kobold misses you.
Things that are here:
a +0 dagger; a yellow potion; a scroll labelled YDGHAOD YRGHEWN You barely miss the kobold.
You hit Jessica. Jessica hits you with a +7 club.
The kobold hits you but does no damage.
Jessica points at you and mumbles some strange words.
Pain shoots through your body!
You die...

.......# .......# ....>..#
.......######
............#
†[..........#### #
.......÷....[..## .#
.....÷<......#..####.####
#.####.......##@@K......#
#.#...........r###......#
#...............##......#
###.##.......#r.....>.....
... #....##............#.
## ###..####............
..# .............
########..... .....


You could see Jessica (fast), a quokka and a kobold.

Vanquished Creatures
  An adder (D:2)
  4 dart slugs
  4 endoplasms
  4 goblins
  5 hobgoblins
  3 ball pythons
  3 frilled lizards (D:1)
  3 kobolds (D:1)
  5 rats
32 creatures vanquished.

Notes
Turn   | Place    | Note
-------+----------+-------------------------------------------
     0 | D:1      | lordive the Hill Orc Monk began the quest for the Orb.
     0 | D:1      | Reached XP level 1. HP: 19/19 MP: 1/1
   452 | D:1      | Reached XP level 2. HP: 27/27 MP: 2/2
  1088 | D:1      | Reached XP level 3. HP: 28/33 MP: 3/3
  1755 | D:2      | Noticed Jessica
  1782 | D:2      | Killed from afar by Jessica

Illustrated notes

Levels and vault maps discovered:
D:1:      dpeg_arrival_boxorama, layout_loops_ring
D:2:      layout_rooms, hellmonk_ecumenical_altar_pennies_from_heaven,
          minmay_mini_jars, uniq_jessica, uniq_crazy_yiuf_cottage

Skill      XL: |  1  2  3 |
---------------+----------+-----
Fighting       | 4 |  4.2
Stealth        | 2 |  2.0
Axes           | |  4.9
Armour         | |  0.1
Dodging        | |  2.7

Action                   || total
-------------------------++-------
Melee: Hand axe          ||   112
 Stab: Sleeping          ||     2
Armor: Robe              ||    11
       Ring mail         ||    11
       Scale mail        ||     9
Dodge: Dodged            ||    58
